 Dungeon Crawl Stone Soup version 0.19.5 (webtiles) character file.

167 Azzok the Skirmisher (level 5, -1/50 HPs)
             Began as a Centaur Berserker on June 2, 2017.
             Was a Believer of Trog.
             Slain by a slave (7 damage)
             ... led by Pikel
             ... on level 4 of the Dungeon.
             The game lasted 00:04:40 (2166 turns).

Azzok the Skirmisher (Centaur Berserker)            Turns: 2166, Time: 00:04:41

Health: -1/50      AC:  7    Str: 20    XL:     5   Next: 23%
Magic:  5/5        EV:  5    Int:  6    God:    Trog [**....]
Gold:   144        SH:  0    Dex:  9    Spells: 0 memorised, 4 levels left

rFire  . . .     SeeInvis .     s - +0 trident (pierce)
rCold  . . .     Gourm    +     w - +0 chain mail (curse)
rNeg   . . .     Faith    .     (no shield)
rPois  +         Spirit   .     (no helmet)
rElec  .         Reflect  .     (no cloak)
rCorr  .         Harm     .     (no gloves)
MR     .....                    (no barding)
Stlth  ..........               u - amulet of the gourmand
                                v - ring of loudness (curse)
                                m - ring of poison resistance

@: exhausted, slowed
A: hooves 3, deformed body, speed 2, tough skin 3
a: Berserk, Trog's Hand, Burn Spellbooks, Renounce Religion


You were on level 4 of the Dungeon.
You worshipped Trog.
Trog was pleased with you.
You were not hungry.

You visited 1 branch of the dungeon, and saw 4 of its levels.

You collected 144 gold pieces.

Inventory:

Hand Weapons
 s - a +0 trident of piercing (weapon)
Missiles
 r - 48 arrows
Armour
 w - a cursed +0 chain mail (worn)
Jewellery
 m - a ring of poison resistance (left hand)
 u - an amulet of the gourmand (around neck)
 v - a cursed ring of loudness (right hand)
Scrolls
 a - a scroll of fear {unknown}
 e - 2 scrolls of fog {unknown}
 f - a scroll of amnesia {unknown}
 k - 3 scrolls of identify {unknown}
 n - a scroll of teleportation {unknown}
 p - 2 scrolls of noise {unknown}
 q - a scroll of enchant weapon {unknown}
Potions
 d - a potion of heal wounds {unknown}
 i - a potion of brilliance {unknown}
 j - a potion of cure mutation {unknown}
 l - a potion of invisibility {unknown}
 o - 3 potions of agility {unknown}
 t - a potion of curing {unknown}
Comestibles
 b - 2 royal jellies
 c - 3 bread rations
 g - a meat ration
 h - a slice of pizza


   Skills:
 * Level 6.0 Fighting
   Level 2.6 Long Blades
 - Level 1.3 Armour
 - Level 1.3 Dodging


You had 4 spell levels left.
You didn't know any spells.

Dungeon Overview and Level Annotations

Branches:
Dungeon (4/15)
 Temple: D:4-7

Altars:
Cheibriados
Okawaru

Annotations:
D:4 Pikel


Innate Abilities, Weirdness & Mutations

You have hooves in place of feet.
Armour fits poorly on your strangely shaped body.
You cover ground very quickly.
You have extremely tough skin. (AC +3)


Message History

You are no longer berserk.
You are exhausted.
You feel yourself slow down. The slave hits you.
* * * LOW HITPOINT WARNING * * *
Pikel hits you but does no damage.
You puncture Pikel! You kick Pikel, but do no damage.
Pikel is heavily wounded.
The slave hits you but does no damage. Pikel hits you with a whip of freezing.
* * * LOW HITPOINT WARNING * * *
Pikel freezes you.
* * * LOW HITPOINT WARNING * * *
The slave hits you.
* * * LOW HITPOINT WARNING * * *
Pikel cracks his whip.
Pikel hits you but does no damage. Pikel barely misses you.
Pikel zaps a wand.
Some rock shatters into small pieces.
Pikel zaps a wand.
Some rock shatters into small pieces.
The slave hits you!
You die...

▒▒▒▒▒▒
▒▒▒▒▒▒▒▒▒▒▒▒·····
·▒▒▒▒▒▒················
··················▒·▒▒·
▒▒▒▒▒▒▒·▒▒▒▒▒▒▒▒·▒▒▒·▒·
▒·▒ ▒·▒ ▒·▒▒ ▒▒(· ▒▒
▒▒·▒ ▒·▒ ▒··▒▒▒·▒·
▒··▒▒·▒▒▒▒▒·▒ ▒·▒···▒▒·
▒··K·p·pp@·▒ ▒·▒···▒▒·
▒··p······▒▒ ▒········
▒··▒▒▒▒▒▒▒▒ ▒········
▒··▒▒▒·▒·▒ ▒········
········p▒ ▒▒▒···▒▒·
··▒▒▒▒▒·····▒ ▒···▒▒▒
▒··▒▒·▒ ····▒▒ ▒·▒▒ ▒
▒▒▒▒▒▒ ··▒


You could see Pikel and 4 slaves.

Vanquished Creatures
  A centaur skeleton (D:4)
  5 adders
  A shadow imp (D:3)
  An ooze (D:1)
  4 worms
  3 leopard geckos
  6 orcs
  A ball python (D:3)
  6 bats
  2 giant cockroaches (D:1)
  3 goblins
  8 hobgoblins
  A quokka (D:2)
  4 frilled lizards
  8 kobolds
  9 rats
63 creatures vanquished.

Notes
Turn   | Place    | Note
-------+----------+-------------------------------------------
     0 | D:1      | Azzok the Centaur Berserker began the quest for the Orb.
     0 | D:1      | Reached XP level 1. HP: 19/19 MP: 1/1
   162 | D:1      | Reached XP level 2. HP: 26/26 MP: 2/2
   448 | D:1      | Reached skill level 4 in Fighting
   506 | D:1      | Reached ** piety under Trog
   567 | D:1      | Reached XP level 3. HP: 31/33 MP: 3/3
   684 | D:1      | You fall through a shaft!
   684 | D:2      | Found a faded altar of an unknown god.
   689 | D:2      | Found a snail-covered altar of Cheibriados.
   700 | D:2      | Found a faded altar of an unknown god.
   702 | D:2      | Found a faded altar of an unknown god.
   704 | D:2      | Found a faded altar of an unknown god.
  1198 | D:2      | Reached XP level 4. HP: 38/41 MP: 4/4
  1247 | D:2      | Reached skill level 5 in Fighting
  1448 | D:3      | Found an iron altar of Okawaru.
  2074 | D:4      | Reached XP level 5. HP: 44/50 MP: 5/5
  2142 | D:4      | Noticed a slave
  2142 | D:4      | Noticed a slave
  2143 | D:4      | Noticed Pikel
  2146 | D:4      | Noticed a slave
  2146 | D:4      | Noticed a slave
  2151 | D:4      | Reached skill level 6 in Fighting
  2166 | D:4      | Slain by a slave

Skill      XL: |  1  2  3  4  5 |
---------------+----------------+-----
Fighting       | 4 5 6 |  6.0
Long Blades    | |  2.6
Armour         | |  1.3
Dodging        | |  1.3

Action                   |  1- 3 |  4- 6 || total
-------------------------+-------+-------++-------
Melee: Falchion          |    92 |    19 ||   111
       Kick              |    23 |    21 ||    44
       Trident           |       |    62 ||    62
Invok: Berserk           |     3 |     2 ||     5
  Eat: Chunk             |     2 |     9 ||    11
Armor: Animal skin       |     7 |       ||     7
       Ring mail         |    27 |    25 ||    52
       Chain mail        |       |     8 ||     8
Dodge: Dodged            |    38 |    47 ||    85
       Rpst.: Falchion   |     9 |     5 ||    14
